 Dungeon Crawl Stone Soup version 0.29.1-15-g9cfb28693d (webtiles) character file.

Game seed: 12438590078789629387

69656 Smoke131 the Fighter (level 15, -2/136 HPs)
             Began as a Ghoul Fighter on Mar 1, 2023.
             Was a High Priest of Okawaru.
             Slain by an orc knight
             ... wielding a +3 bardiche of venom
              (13 damage)
             ... on level 1 of the Orcish Mines.
             The game lasted 01:05:53 (28842 turns).

Smoke131 the Fighter (Ghoul Fighter)               Turns: 28842, Time: 01:05:53

Health: -2/136     AC: 31    Str: 26    XL:     15   Next: 30%
Magic:  0/21       EV:  3    Int:  5    God:    Okawaru [*****.]
Gold:   1369       SH: 16    Dex:  8    Spells: 14/14 levels left

rFire   . . .      SeeInvis +     - Unarmed
rCold   + + +      Faith    .   D - +0 tower shield
rNeg    + + +      Spirit   +   G - +2 crystal plate armour {rC+}
rPois   ∞          Reflect  .   b - +0 mask of the Dragon {Will+ Slay+3 SInv}
rElec   .          Harm     .   H - +0 cloak
rCorr   +          Rampage  .   l - +1 pair of gloves
Will    ++...                   E - +2 pair of boots
Stlth   ..........              v - amulet of guardian spirit
HPRegen 0.00/turn               f - ring of resist corrosion
MPRegen 0.17/turn               y - ring of protection from cold

@: inhibited regen
A: claws 1, cold resistance 1, negative energy resistance 3, inhibited
regeneration, torment resistance 2, devour on kill
a: Renounce Religion, Heroism, Finesse, Duel


You were on level 1 of the Orcish Mines.
You worshipped Okawaru.
Okawaru was extremely pleased with you.
You visited 4 branches of the dungeon, and saw 19 of its levels.
You also visited: Sewer and Ice Cave.

You collected 1603 gold pieces.
You spent 234 gold pieces at shops.

Inventory:

Hand Weapons
 t - the +10 trident of Generosity {speed, rPois MP-9 SInv}
   (You found it on level 10 of the Dungeon)

   Attacks with this weapon are significantly faster.
   rPois:     It protects you from poison.
   MP:        It affects your magic capacity (-9).
   SInv:      It lets you see invisible.
Armour
 a - a +2 helmet
 b - the +0 mask of the Dragon (worn) {Will+ Slay+3 SInv}
   (You acquired it on level 11 of the Dungeon)

   Slay:      It affects your accuracy & damage with ranged weapons and melee
   (+3).
   SInv:      It lets you see invisible.
   Will:      It increases your willpower.
 l - a +1 pair of gloves (worn)
 D - a +0 tower shield (worn)
 E - a +2 pair of boots (worn)
 G - a +2 crystal plate armour of cold resistance (worn)
 H - a +0 cloak (worn)
 I - +0 fire dragon scales
Jewellery
 f - a ring of resist corrosion (left hand)
 v - an amulet of guardian spirit (around neck)
 y - a ring of protection from cold (right hand)
 z - a +6 ring of strength
 A - a ring of flight
Wands
 k - a wand of paralysis (2)
 s - a wand of digging (3)
 u - a wand of iceblast (16)
 w - a wand of polymorph (4)
 F - a wand of flame (22)
Scrolls
 d - 4 scrolls of teleportation
 m - a scroll of enchant weapon
 o - a scroll of torment
 q - 8 scrolls of identify
 r - 4 scrolls of immolation
 x - a scroll of brand weapon
Potions
 e - 5 potions of attraction
 g - 6 potions of curing
 h - 3 potions of berserk rage
 i - 2 potions of magic
 j - 7 potions of brilliance
 n - 3 potions of resistance
 p - 3 potions of mutation
 C - 5 potions of lignification


   Skills:
 + Level 13.5 Fighting
 + Level 12.6 Armour
 + Level 12.6 Shields
 + Level 13.5 Unarmed Combat
 - Level 10.0 Invocations


You had 14 spell levels left.
You didn't know any spells.
Your spell library contained the following spells:

 Spells                   Type           Power      Damage    Failure   Level
 Apportation              Tloc           0%         N/A       100%        1
 Necrotise                Necr           0%         1d4       100%        1
 Sting                    Tmut/Pois      0%         1d3       100%        1
 Poisonous Vapours        Pois/Air       0%         N/A       100%        2
 Static Discharge         Conj/Air       0%         3-3/arc   100%        2
 Conjure Flame            Conj/Fire      0%         6-21      100%        3
 Gell's Gravitas          Tloc           0%         N/A       100%        3
 Ignite Poison            Fire/Tmut/Pois 0%         N/A       100%        3
 Lesser Beckoning         Tloc           0%         N/A       100%        3
 Teleport Other           Tloc           0%         N/A       100%        3
 Vampiric Draining        Necr           0%         2d6       100%        3
 Airstrike                Air            0%         2d(0-16)  100%        4
 Dispel Undead            Necr           0%         3d6       100%        4
 Flame Wave               Conj/Fire      0%         2d4       100%        4
 Olgreb's Toxic Radiance  Pois           0%         N/A       100%        4
 Passage of Golubria      Tloc           0%         N/A       100%        4
 Sticky Flame             Conj/Fire      0%         2d3       100%        4
 Agony                    Necr           0%         N/A       100%        5
 Lightning Bolt           Conj/Air       0%         1d11      100%        5
 Yara's Violent Unravell  Hex/Tmut       0%         3d3       100%        5
 Starburst                Conj/Fire      0%         6d3       100%        6
 Chain Lightning          Conj/Air       0%         N/A       100%        9
 Summon Small Mammal      Summ           Unusable   N/A       N/A         1
 Tukima's Dance           Hex            Unusable   N/A       N/A         3
 Summon Lightning Spire   Summ/Air       Unusable   N/A       N/A         4

Dungeon Overview and Level Annotations

Branches:
Dungeon (11/15)            Temple (1/1) D:6            Lair (5/5) D:10
 Shoals (0/4) Lair:2       Spider (0/4) Lair:3        Slime (0/5) Lair:5
    Orc (2/2) D:11          Sewer (visited)           IceCv (visited)
    Elf: Orc:2

Altars:
Ashenzari
Cheibriados
Dithmenos
Fedhas
Gozag
Hepliaklqana
Kikubaaqudgha
Makhleb
Nemelex Xobeh
Okawaru
Qazlal
Ru
Sif Muna
Trog
Uskayaw
Vehumet
Wu Jian
Xom
Yredelemnul
Jiyva
Lugonu

Shops:
D:7 ((([*

Portals:
Abyss: Lair:5

Annotations:
D:8 5 runed translucent doors
D:9 1 transporter


Innate Abilities, Weirdness & Mutations

You are immune to poison.
You have sharp fingernails.
Your flesh is cold resistant. (rC+)
You are immune to negative energy. (rN+++)
You do not regenerate when monsters are visible.
You are immune to unholy pain and torment.
You thrive by killing the living.


Message History

You block the orc warrior's attack.
You pummel the orc wizard!!
You kill the orc wizard!
Okawaru accepts your kill. You block the orc knight's attack.
The orc warrior barely misses you. The ogre hits you with a +0 giant club.
You block the orc warrior's attack.
The orc knight hits you but does no damage.
The orc warrior hits you but does no damage.
The orc warrior attacks as you move away!
The orc warrior hits you but does no damage.
You block the orc knight's attack. You block the orc knight's attack.
You block the orc priest's attack.
The orc sorcerer hits you with a +0 dagger.
The orc warrior hits you with a +0 glaive!!
* * * LOW HITPOINT WARNING * * *
There is a stone staircase leading up, spattered with blood here.
Things that are here:
a +0 giant club; the +11 scimitar of the Heart {drain, rN+ Will++ Stlth-} The orc knight hits you with a +3 bardiche of venom!
* * * LOW HITPOINT WARNING * * *
You block the ogre's attack.
The orc priest looks encouraged for a moment.
You block the orc sorcerer's attack.
The orc priest mumbles some strange prayers to Beogh against you.
Beogh smites you!
* * * LOW HITPOINT WARNING * * *
The orc warrior hits you but does no damage.
You climb upwards.
The red devil disappears in a puff of smoke!
There is a stone staircase leading down, spattered with blood here.
You closely miss the orc priest. You block the orc knight's attack.
The orc sorcerer points at you and mumbles some strange words.
The bolt of fire hits you but does no damage.
The bolt of fire hits the orc priest!!
The orc priest dies!
You block the ogre's attack.
The orc warrior hits you but does no damage.
You barely miss the orc sorcerer.
The orc knight hits you with a +3 bardiche of venom!
You die...

........# #..........#.####
.......######.............#
........#..#.............##
##.####...................#
.....##.....[.)..........##
......#.....)))..........##
......#...................#
.._.....#.#.#..Oo)...#....###
......#....#...)@o..........##
......#...###..o)............#
.....##..####............##.##
##.####.####....#.........###
........# #..............##
....#######..............#
....## ##......#.#..##.##
.....####......#..####...#
.....#.#....#......# ##.##


You could see an orc knight, an orc sorcerer (strong), an orc warrior (strong)
and an ogre.

Vanquished Creatures
  2 orc warlords
  A bunyip (shapeshifter) (Lair:5)
  2 hydras (Lair:4)
  An ogre mage (Orc:2)
  5 two-headed ogres
  2 ironbound frosthearts (IceCv)
  3 catoblepae
  7 death yaks
  A centaur warrior (D:11)
  3 thrashing horrors (Lair:5)
  Sonja (Orc:1)
  Pikel (D:5)
  An orc knight (Orc:1)
  An oklob plant (Lair:3)
  3 ugly things (Lair:5)
  Maurice (D:7)
  4 large abominations (Lair:5)
  26 elephants
  A cyclops (D:11)
  Joseph (D:8)
  A black mamba (Lair:2)
  An ice statue (IceCv)
  12 cane toads
  A smoke demon (Lair:4)
  4 rime drakes
  2 kobold demonologists (D:8)
  4 komodo dragons
  An ancient zyme (Lair:5)
  3 trolls
  11 polar bears
  A hornet (D:7)
  Prince Ribbit (D:8)
  30 blink frogs
  12 dream sheep
  A jumping spider (Lair:3)
  A spriggan (Lair:5)
  43 yaks
  2 ynoxinuls (Lair:5)
  2 wyverns
  A vampire (D:11)
  A wraith (D:11)
  5 basilisks
  2 chaos spawn
  A redback (Lair:3)
  7 wargs
  2 acid dragons
  9 water moccasins
  Pargi (Sewer)
  3 black bears
  20 orc warriors
  2 sky beasts
  9 ogres
  21 wolves
  8 centaurs
  A lemure (D:5)
  4 kobold brigands
  12 small abominations
  9 bullfrogs
  3 scorpions
  3 wights (D:7)
  26 killer bees
  10 howler monkeys
  7 electric eels
  A gnoll bouda (D:5)
  16 orc priests
  2 jellies
  Jessica (D:3)
  Ijyb (D:2)
  3 iguanas
  17 orc wizards
  A hound zombie (D:3)
  3 hound skeletons (D:3)
  5 gnolls
  2 adders
  3 river rats (D:3)
  2 shadow imps
  A white imp (D:8)
  3 ufetubi
  An adder skeleton (D:3)
  3 worms
  3 dart slugs
  85 orcs
  3 ball pythons
  7 bats
  4 endoplasms
  7 giant cockroaches
  6 goblins
  2 hobgoblins (D:2)
  4 jackals (Sewer)
  A quokka (D:1)
  A ball python skeleton (D:3)
  A ball python zombie (D:3)
  9 frilled lizards
  22 kobolds
  8 rats
595 creatures vanquished.

Vanquished Creatures (others)
  2 dream sheep (Lair:5)
  An orc priest (Orc:1)
  45 fungi
  39 plants
87 creatures vanquished.

Grand Total: 682 creatures vanquished

Notes
Turn   | Place    | Note
-------+----------+-------------------------------------------
     0 | D:1      | Smoke131 the Ghoul Fighter began the quest for the Orb.
     0 | D:1      | Reached XP level 1. HP: 19/19 MP: 0/0
   336 | D:1      | Reached XP level 2. HP: 21/26 MP: 1/1
   909 | D:2      | Reached XP level 3. HP: 30/31 MP: 2/2
  1110 | D:2      | Found a basalt altar of Yredelemnul.
  1273 | D:2      | Found a faded altar of an unknown god.
  1684 | D:3      | Noticed Ijyb
  1686 | D:3      | Noticed Jessica
  1691 | D:2      | Paralysed by Ijyb for 4 turns
  1722 | D:2      | Killed Ijyb
  1723 | D:2      | Reached XP level 4. HP: 13/40 MP: 3/3
  1869 | D:3      | Reached XP level 5. HP: 11/46 MP: 4/4
  2004 | D:3      | Killed Jessica
  2167 | D:3      | Reached XP level 6. HP: 46/53 MP: 5/5
  2169 | D:3      | Found a glowing drain.
  2176 | Sewer    | Entered a sewer
  2319 | Sewer    | Noticed Pargi
  2325 | Sewer    | Killed Pargi
  3206 | D:4      | Found a shimmering altar of Xom.
  3208 | D:4      | Found a hazy altar of Hepliaklqana.
  3357 | D:4      | Reached skill level 5 in Fighting
  3373 | D:4      | Reached XP level 7. HP: 28/61 MP: 6/6
  3795 | D:5      | Entered Level 5 of the Dungeon
  3822 | D:5      | Found a snail-covered altar of Cheibriados.
  3950 | D:5      | Noticed Pikel
  3967 | D:5      | Killed Pikel
  3968 | D:5      | Reached skill level 5 in Unarmed Combat
  3968 | D:5      | Reached XP level 8. HP: 21/70 MP: 7/7
  4221 | D:5      | Found a burning altar of Makhleb.
  4874 | D:5      | Reached skill level 5 in Armour
  4884 | D:5      | Reached skill level 5 in Shields
  5233 | D:5      | Identified the +2 robe "Qedwerur" {rC++ Dex-2 Stlth+}
  5498 | D:5      | Found an ornate altar of the Wu Jian Council.
  5675 | D:5      | Found a sacrificial altar of Ru.
  5997 | D:6      | Reached XP level 9. HP: 53/78 MP: 5/8
  6186 | D:6      | Found a staircase to the Ecumenical Temple.
  6227 | Temple   | Entered the Ecumenical Temple
  6993 | D:7      | Found Gymaa's General Store.
  7022 | D:7      | Found an iron altar of Okawaru.
  7039 | D:7      | Became a worshipper of Warmaster Okawaru
  7138 | D:7      | Reached skill level 1 in Invocations
  7547 | D:7      | Found Naolot's Weapon Shop.
  7548 | D:7      | Found Piugrer's Antique Weapon Shop.
  7654 | D:7      | Found Xoroup's Weapon Shop.
  7676 | D:7      | Noticed a hornet
  7681 | D:7      | Killed a hornet
  7715 | D:7      | Found Xudall's Antique Armour Shop.
  7722 | D:7      | Bought a tower shield for 117 gold pieces
  7722 | D:7      | Bought a pair of boots for 117 gold pieces
  7775 | D:7      | Reached * piety under Okawaru
  7956 | D:8      | Noticed Joseph
  7975 | D:8      | Killed Joseph
  7976 | D:8      | Reached XP level 10. HP: 59/88 MP: 7/11
  8233 | D:8      | Found the +9 staff of Olgreb {rPois∞}
  8235 | D:8      | Noticed Prince Ribbit
  8262 | D:8      | Killed Prince Ribbit
  8474 | D:8      | Found a runed translucent gate.
  8481 | D:8      | Found a runed translucent door.
  8683 | D:8      | Noticed Maurice
  8727 | D:7      | Killed Maurice
  8727 | D:7      | Reached ** piety under Okawaru
  9521 | D:8      | Noticed a kobold demonologist
  9533 | D:8      | Noticed an orange demon
  9537 | D:8      | Killed a kobold demonologist
  9537 | D:8      | Reached *** piety under Okawaru
  9538 | D:8      | Reached skill level 5 in Invocations
  9685 | D:8      | Noticed a kobold demonologist
  9708 | D:8      | Killed a kobold demonologist
  9788 | D:8      | Found a runed translucent gate.
  9788 | D:8      | Found a runed translucent gate.
  9910 | D:8      | Found a runed translucent door.
  9991 | D:9      | Found a transporter.
  9991 | D:9      | Found a transporter.
 10316 | D:9      | Reached XP level 11. HP: 87/97 MP: 9/14
 10431 | D:9      | Found a radiant altar of Vehumet.
 10624 | D:9      | Found a shadowy altar of Dithmenos.
 10701 | D:9      | Found a shimmering blue altar of Sif Muna.
 11249 | D:10     | Entered Level 10 of the Dungeon
 12896 | D:10     | Reached **** piety under Okawaru
 12954 | D:10     | Found a staircase to the Lair.
 13090 | D:10     | Identified the +10 trident of Generosity {speed, rPois MP-9
                  | SInv}
 13312 | D:11     | Noticed a centaur warrior
 13324 | D:11     | Killed a centaur warrior
 13406 | D:11     | Noticed a cyclops
 13417 | D:11     | Killed a cyclops
 13417 | D:11     | Reached ***** piety under Okawaru
 13629 | D:11     | Noticed an orc knight
 14130 | D:11     | Reached skill level 10 in Fighting
 14217 | D:11     | Found a staircase to the Orcish Mines.
 14954 | Lair:1   | Entered Level 1 of the Lair of Beasts
 15256 | Lair:1   | Reached skill level 10 in Unarmed Combat
 15518 | Lair:1   | Received a gift from Okawaru
 15519 | Lair:1   | Reached XP level 12. HP: 67/106 MP: 12/16
 16915 | Lair:2   | Identified the +3 ring mail of Okawaru, Sheltering {-Cast
                  | rC+++} (Okawaru gifted it to you on level 2 of the Lair of
                  | Beasts)
 16915 | Lair:2   | Received a gift from Okawaru
 16995 | Lair:2   | Found a frozen archway.
 17013 | IceCv    | Entered an ice cave
 17293 | IceCv    | Reached skill level 10 in Armour
 17293 | IceCv    | Reached skill level 10 in Shields
 17535 | IceCv    | Reached skill level 10 in Invocations
 17740 | IceCv    | Noticed a death yak
 17741 | IceCv    | Noticed a death yak
 17758 | IceCv    | Killed a death yak
 17771 | IceCv    | Killed a death yak
 17772 | IceCv    | Reached XP level 13. HP: 113/113 MP: 13/19
 18518 | IceCv    | Identified the +9 mace "Grim" {venom, *Slow Fragile rF++
                  | SInv}
 18870 | Lair:2   | Identified the +4 plate armour of Piomel {Fly Str+4}
                  | (Okawaru gifted it to you on level 2 of the Lair of Beasts)
 18870 | Lair:2   | Received a gift from Okawaru
 19439 | Lair:2   | Found a staircase to the Shoals.
 20109 | Lair:3   | Found a hole to the Spider Nest.
 22352 | Lair:4   | Reached XP level 14. HP: 47/125 MP: 3/20
 22652 | Lair:4   | Identified the +7 quarterstaff "Lurriema" {vorpal, rF+ rN+
                  | Int-5 Dex+4}
 22839 | Lair:5   | Entered Level 5 of the Lair of Beasts
 23090 | Lair:5   | Received a gift from Okawaru
 23179 | Lair:5   | Identified the +0 scale mail of Poor Excuses {Dex+4}
 23301 | Lair:5   | Identified the +2 robe of Otwydob {Will+ MP+9 Stlth+}
 23309 | Lair:5   | Found a viscous altar of Jiyva.
 23310 | Lair:5   | Got Ereshkigal's Atlas of the Barrage
 23311 | Lair:5   | Found a staircase to the Slime Pits.
 23719 | Lair:5   | Identified the +6 arbalest "Uvus" {vorpal, rC+ rCorr}
                  | (Okawaru gifted it to you on level 5 of the Lair of Beasts)
 23719 | Lair:5   | Received a gift from Okawaru
 25805 | Lair:4   | Identified the +1 chain mail "Tix Homm" {rElec rPois}
                  | (Okawaru gifted it to you on level 4 of the Lair of Beasts)
 25805 | Lair:4   | Received a gift from Okawaru
 26431 | Lair:5   | Reached XP level 15. HP: 107/135 MP: 21/21
 26523 | Lair:5   | Found a corrupted altar of Lugonu.
 26523 | Lair:5   | Found a one-way gate to the infinite horrors of the Abyss.
 26833 | D:11     | Identified a scroll of acquirement
 26833 | D:11     | Acquired the +0 mask of the Dragon {Will+ Slay+3 SInv}
 26833 | D:11     | Found the +0 mask of the Dragon {Will+ Slay+3 SInv}
 26967 | Orc:1    | Entered Level 1 of the Orcish Mines
 26967 | Orc:1    | Noticed an orc warlord
 27041 | D:10     | Killed an orc warlord
 27654 | Orc:1    | Noticed Sonja
 27661 | Orc:1    | Killed Sonja
 28228 | Orc:2    | Entered Level 2 of the Orcish Mines
 28228 | Orc:2    | Noticed an orc warlord
 28335 | Orc:1    | Killed an orc warlord
 28370 | Orc:2    | Identified the +11 scimitar of the Heart {drain, rN+ Will++
                  | Stlth-} (Okawaru gifted it to you on level 2 of the Orcish
                  | Mines)
 28370 | Orc:2    | Received a gift from Okawaru
 28393 | Orc:2    | HP: 1/136 [orc priest/divine providence (9)]
 28842 | Orc:1    | Slain by an orc knight

Illustrated notes

Levels and vault maps discovered:
D:1:      mainiacjoe_arrival_reflecting_pool, layout_loops_ring
D:2:      layout_loops_ring, shapermc_ecumenical_altar_mp_urbaneastern,
          basic_altar
D:3:      layout_rooms, serial_undead, serial_undead_b, serial_undead_e,
          serial_undead_c, serial_undead_a, portal_sewer_entry_e, uniq_ijyb,
          uniq_jessica
D:4:      layout_basic, chequers_temple_overflow_statue_of_worship,
          nrook_campfire
D:5:      layout_basic, nicolae_ru_the_path_less_chosen, lemuel_tele_altar,
          general_overflow_altar, mainiacjoe_overflow_brackets, uniq_pikel
D:6:      layout_cave_pools, minmay_temple_entry_drinking_statues
D:7:      layout_loops_ring, lemuel_crystal_altar, serial_shops, shop, shop,
          shop, nicolae_stop_n_shop_2, nicolae_shop_stone,
          corexii_item_surrounded_by_moat
D:8:      layout_basic, minmay_guarded_unrand_staff_of_olgreb, uniq_maurice,
          uniq_prince_ribbit1, uniq_joseph
D:9:      layout_long_grid, nicolae_sif_muna_little_library,
          kennysheep_mini_moat, nicolae_vehumet_radiance,
          chequers_decorated_corner, nicolae_diode_stairs
D:10:     layout_basic, erik_lair_orcish_takeover
D:11:     layout_cave_pools, david_orc_5
Temple:   jpeg_temple_clearing
Lair:1:   layout_roguey, lemuel_fruit_tree
Lair:2:   layout_cave_pods, minmay_shoals_entry_centaurs, portal_ice_cave_rime
Lair:3:   layout_loops_ring, spider_nest_entry_a
Lair:4:   layout_regular_city
Lair:5:   hellmonk_lair_end_abyssal_woods, layout_misc_corridors, slime_entry_1,
          gammafunk_lair_bear_cave
Orc:1:    layout_caves, basic_altar, mines1_david, uniq_sonja
Orc:2:    st_orc_ogre_mass, layout_caves, basic_altar,
          nicolae_volcano_entry_hallway

Skill      XL: |  1  2  3  4  5  6  7  8  9 10 11 12 13 14 |
---------------+-------------------------------------------+-----
Armour         | 3 4 5 6 7 8 10 11 12 | 12.6
Shields        | 3 4 5 6 7 8 10 11 12 | 12.6
Unarmed Combat | 3 4 5 6 7 8 10 11 13 | 13.5
Fighting       | 4 5 6 8 9 10 11 13 | 13.5
Invocations    | 3 5 7 10 | 10.0

Action                   |  1- 3 |  4- 6 |  7- 9 | 10-12 | 13-15 || total
-------------------------+-------+-------+-------+-------+-------++-------
Melee: Unarmed           |   120 |   126 |   395 |  1117 |  1428 ||  3186
       Trident           |       |       |       |       |    11 ||    11
Invok: Heroism           |       |       |       |     1 |     4 ||     5
       Finesse           |       |       |       |     1 |     4 ||     5
Evoke: Wand              |       |     5 |     1 |    12 |     2 ||    20
  Use: Scroll            |       |     7 |     7 |    14 |     5 ||    33
       Potion            |       |     1 |     2 |     3 |     1 ||     7
 Stab: Paralysed         |       |       |     4 |     6 |     2 ||    12
       Petrified         |       |       |       |       |     4 ||     4
       Invisible         |       |       |       |       |     1 ||     1
Armor: Scale mail        |    48 |    79 |       |       |       ||   127
       Chain mail        |       |     2 |   218 |   280 |       ||   500
       Fire dragon scale |       |       |       |   346 |    55 ||   401
       Acid dragon scale |       |       |       |     2 |       ||     2
       Crystal plate arm |       |       |       |       |  1273 ||  1273
Dodge: Dodged            |    60 |    59 |   123 |   373 |   186 ||   801
Block: Buckler           |    20 |    23 |   108 |   340 |       ||   491
       Tower shield      |       |       |       |     7 |  1463 ||  1470
